AoeStats
← kyubi

African Clearing

504514811Analyzed
3v3 RM · 27d ago on Sep 5, 2026· 27m 3s· 6 players
Game mode
Random Map
Map size
Normal (6 player)
Population
200
Speed
Normal
Resources
Standard
Victory
Conquest
Starting age
Dark Age
Ending age
Imperial Age
RankedLock teamsTeams togetherTeam positionsShared explorationLock speedFull tech treeHidden civsTurbo modeCheats
Victory
Defeat
🇪🇸 Mongols · Spain
1561
+5
🇪🇸 Vietnamese · Spain
1269
+15
🇪🇸 Portuguese · Spain
979
+94
🇸🇪 Britons · Sweden
1291
-17
🇨🇳 Mapuche · China
1255
-15
🇸🇪 Franks · Sweden
1199
-13
91鸡国国王
9:17 Loom
15:54 Feudal Age
20:19 Castle Age
18:24 Double-Bit Axe
19:44 Horse Collar
johansoderstrom1
7:16 Loom
14:41 Feudal Age
20:21 Castle Age
26:13 Squires
Peppe L-G
9:27 Loom
11:58 Feudal Age
12:31 Town Watch
12:35 Double-Bit Axe
14:23 Fletching
26:20 Castle Age
YoKaSi MaTo
14:10 Loom
15:56 Feudal Age
18:24 Man-at-Arms
21:09 Scale Barding Armor
21:05 Scale Mail Armor
27:18 Double-Bit Axe
28:13 Wheelbarrow
TdB.Espisao
9:25 Loom
12:16 Feudal Age
19:51 Double-Bit Axe
20:53 Fletching
25:06 Castle Age
24:51 Padded Archer Armor
24:57 Gold Mining
25:09 Crossbowman
25:55 Thumb Ring
kyubi
10:30 Feudal Age
11:33 Loom
11:57 Double-Bit Axe
21:52 Castle Age
22:08 Fletching
22:30 Bloodlines
26:53 Wheelbarrow
27:25 Bow Saw
27:23 Horse Collar
Connection lost

Rejoining the realm…

Still unreachable

The connection could not be restored.

Session expired

The server has moved on; the page needs a fresh start.